 Dungeon Crawl Stone Soup version 0.30-a0-779-g7971cf19c3 (webtiles) character file.

Game seed: 16051722385087951307

2130 tilp the Slasher (level 9, 0/75 HPs)
             Began as a Meteoran Fighter on Feb 17, 2023.
             Was a Follower of Okawaru.
             Slain by Pikel
             ... wielding a +1 whip of electrocution
              (14 damage)
             ... on level 7 of the Dungeon.
             The game lasted 00:12:43 (2528 turns).

tilp the Slasher (Meteoran Fighter)                 Turns: 2528, Time: 00:12:43

Health: 0/75       AC:  8    Str: 24    XL:     9   Next: 84%
Magic:  10/10      EV: 12    Int: 11    God:    Okawaru [*.....]
Gold:   28         SH:  5    Dex: 17    Spells: 8/8 levels left

rFire   . . .      SeeInvis .    b - +9 sling "Ilexkar" {flame, +Blink rPois Will+}
rCold   . . .      Faith    .    c - +0 buckler
rNeg    . . .      Spirit   .    t - +0 scale mail
rPois   +          Reflect  .    m - +0 helmet
rElec   .          Harm     .    (no cloak)
rCorr   .          Rampage  .    (no gloves)
Will    ++...                    (no boots)
Stlth   +                        y - amulet of regeneration
HPRegen 1.12/turn                A - +6 ring of strength
MPRegen 0.12/turn                (no ring)

@: glowing
A: sense surroundings 2, otherworldly, glowing, explore regen
a: Renounce Religion, Evoke Blink, Heroism


You were on level 7 of the Dungeon.
You worshipped Okawaru.
Okawaru was aware of your devotion.
You visited 2 branches of the dungeon, and saw 8 of its levels.

You collected 319 gold pieces.
You spent 291 gold pieces at shops.

Inventory:

Hand Weapons
 a - a +0 long sword
 b - the +9 sling "Ilexkar" (weapon) {flame, +Blink rPois Will+}
   (You found it on level 4 of the Dungeon)

   rPois:     It protects you from poison.
   +Blink:    It lets you blink.
   Will:      It increases your willpower.
Missiles
 g - 5 atropa-tipped darts
 i - 26 stones
 j - 6 boomerangs
Armour
 c - a +0 buckler (worn)
 m - a +0 helmet (worn)
 t - a +0 scale mail (worn)
Jewellery
 d - an amulet of reflection
 k - a ring of wizardry
 w - a ring of ice
 y - an amulet of regeneration (around neck)
 A - a +6 ring of strength (left hand)
Wands
 B - a wand of flame (9)
Scrolls
 l - a scroll of amnesia
 v - a scroll of fear
Potions
 e - a potion of haste
 f - a potion of resistance
 h - a potion of curing
 n - a potion of berserk rage
 o - 2 potions of flight
 p - 2 potions of lignification
 q - a potion of invisibility
 r - a potion of brilliance {unknown}
 s - a potion of ambrosia {unknown}
 u - a potion of heal wounds {unknown}
 x - a potion of attraction {unknown}
 z - a potion of might


   Skills:
 * Level 5.9 Fighting
 * Level 7.8 Long Blades
 - Level 4.0 Throwing
 + Level 5.2 Armour
 + Level 5.3 Dodging
 * Level 3.9 Stealth
 - Level 4.0 Shields
 - Level 4.0 Evocations


You had 8 spell levels left.
You didn't know any spells.
Your spell library was empty.

Dungeon Overview and Level Annotations

Branches:
Dungeon (7/15) Zot: 1557   Temple (1/1) D:5 Zot: 566

Altars:
Ashenzari
Cheibriados
Dithmenos
Elyvilon
Fedhas
Gozag
Kikubaaqudgha
Makhleb
Nemelex Xobeh
Okawaru
Qazlal
Ru
Trog
Uskayaw
Wu Jian
Xom
Yredelemnul
Zin
The Shining One

Shops:
D:4 *   D:7 (

Annotations:
D:7 Pikel


Innate Abilities, Weirdness & Mutations

You passively map the area around you.
You are easily found by Zot.
You glow in the dark.
You regain HP and MP as you explore.


Message History

Fire: b) +9 sling "Ilexkar" {flame, +Blink rPois Will+}
Press: ? - help, Q - select action, (/) - cycle Shift-Dir - straight line, f/p - Pikel
Aim: Pikel, wielding a +1 whip of electrocution and wearing a +0 robe (moderately wounded, 63% to hit)
You shoot a sling bullet. The sling bullet closely misses Pikel.
The sling bullet hits the lemure.
The sling bullet burns the lemure.
The lemure is moderately wounded.
Pikel barely misses you. Pikel closely misses you.
Unknown command.
Fire: b) +9 sling "Ilexkar" {flame, +Blink rPois Will+}
Press: ? - help, Q - select action, (/) - cycle Shift-Dir - straight line, f/p - Pikel
Aim: Pikel, wielding a +1 whip of electrocution and wearing a +0 robe (moderately wounded, 63% to hit)
You shoot a sling bullet. The sling bullet hits Pikel.
The sling bullet burns Pikel.
Pikel is moderately wounded.
Pikel hits you with a +1 whip of electrocution.
Pikel hits you but does no damage.
You are electrocuted!
* * * LOW HITPOINT WARNING * * *
Unknown command.
Fire: b) +9 sling "Ilexkar" {flame, +Blink rPois Will+}
Press: ? - help, Q - select action, (/) - cycle Shift-Dir - straight line, f/p - Pikel
Aim: Pikel, wielding a +1 whip of electrocution and wearing a +0 robe (moderately wounded, 63% to hit)
You shoot a sling bullet. The sling bullet closely misses Pikel.
The sling bullet hits the lemure!
The sling bullet burns the lemure.
The lemure is severely wounded.
You block Pikel's attack.
Unknown command.
Fire: b) +9 sling "Ilexkar" {flame, +Blink rPois Will+}
Press: ? - help, Q - select action, (/) - cycle Shift-Dir - straight line, f/p - Pikel
Aim: Pikel, wielding a +1 whip of electrocution and wearing a +0 robe (moderately wounded, 63% to hit)
You shoot a sling bullet. The sling bullet hits Pikel.
The sling bullet burns Pikel.
Pikel is heavily wounded.
Pikel hits you with a +1 whip of electrocution.
* * * LOW HITPOINT WARNING * * *
You are electrocuted!
* * * LOW HITPOINT WARNING * * *
Pikel hits you but does no damage.
You are electrocuted!
You die...

, * , , , ,*#.# *
*, , ,#+#####.# *
* ,, #∩#.....# ,
,, *##'#.....# , ,
#........# *,
##........# *
#.####.........# ,
,
,................#
* *
##.#####@#####.##
* , #K# #.# ,* *,
#5# #.# , * #5# .#
* #.# , ..# * .##
* * *, ., * * , ,*
*


You could see Pikel and 2 lemures.

Vanquished Creatures
  Grinder (D:3)
  3 sky beasts
  2 ice beasts
  2 black bears
  3 ogres
  A centaur (D:5)
  2 lemures (D:7)
  3 necrophages
  2 scorpions
  4 wights (D:6)
  A howler monkey (D:4)
  A gnoll bouda (D:7)
  2 hounds (D:4)
  2 orc priests
  2 orc wizards
  3 iguanas
  3 gnolls (D:7)
  6 adders
  A white imp (D:7)
  An ufetubus (D:5)
  A worm (D:5)
  2 dart slugs (D:4)
  11 orcs
  A bat (D:3)
  An endoplasm (D:4)
  A giant cockroach (D:4)
  A goblin (D:4)
  2 hobgoblins
  A quokka (D:5)
  3 ball pythons
  A frilled lizard (D:1)
  A rat (D:2)
71 creatures vanquished.

Vanquished Creatures (others)
  An orc wizard (D:3)
1 creature vanquished.

Grand Total: 72 creatures vanquished

Notes
Turn   | Place    | Note
-------+----------+-------------------------------------------
     0 | D:1      | tilp the Meteoran Fighter began the quest for the Orb.
     0 | D:1      | Reached XP level 1. HP: 19/19 MP: 2/2
    40 | D:1      | Found a faded altar of an unknown god.
    94 | D:2      | Reached XP level 2. HP: 25/26 MP: 3/3
   113 | D:2      | Reached skill level 1 in Dodging
   113 | D:2      | Reached XP level 3. HP: 16/31 MP: 4/4
   178 | D:3      | Noticed Grinder
   184 | D:3      | Paralysed by Grinder for 3 turns
   197 | D:3      | Paralysed by Grinder for 2 turns
   201 | D:3      | Killed Grinder
   202 | D:3      | Reached skill level 4 in Long Blades
   202 | D:3      | Reached XP level 4. HP: 23/40 MP: 5/5
   202 | D:3      | Reached XP level 5. HP: 26/46 MP: 6/6
   202 | D:3      | Reached XP level 6. HP: 30/52 MP: 7/7
   458 | D:3      | Found a burning altar of Makhleb.
   472 | D:3      | Reached XP level 7. HP: 58/59 MP: 8/8
   555 | D:5      | Entered Level 5 of the Dungeon
   567 | D:4      | Found Gesen's Assorted Antiques.
   572 | D:4      | Bought a glowing brown potion for 22 gold pieces
   572 | D:4      | Bought a glowing brown potion for 22 gold pieces
   616 | D:4      | Reached skill level 5 in Long Blades
   726 | D:4      | Bought a fuming ruby potion for 22 gold pieces
  1034 | D:4      | Reached skill level 6 in Long Blades
  1034 | D:4      | Reached skill level 1 in Throwing
  1083 | D:4      | Identified the +9 sling "Ilexkar" {flame, +Blink rPois
                  | Will+}
  1303 | D:5      | Reached XP level 8. HP: 62/66 MP: 9/9
  1314 | D:5      | Found a hide-covered altar of Uskayaw.
  1341 | D:6      | Found a snail-covered altar of Cheibriados.
  1342 | D:6      | Found a sparkling altar of Nemelex Xobeh.
  1421 | D:5      | Found a broken altar of Ashenzari.
  1427 | D:5      | Reached skill level 1 in Evocations
  1542 | D:5      | Found an opulent altar of Gozag.
  1605 | D:5      | Found a staircase to the Ecumenical Temple.
  1623 | Temple   | Entered the Ecumenical Temple
  1647 | Temple   | Became a worshipper of Warmaster Okawaru
  1851 | D:5      | Found a blossoming altar of Fedhas.
  2022 | D:6      | Gained mutation: You passively map the area around you.
                  | [Meteoran growth]
  2022 | D:6      | Reached XP level 9. HP: 73/73 MP: 10/10
  2042 | D:6      | Reached skill level 5 in Fighting
  2043 | D:6      | Reached skill level 7 in Long Blades
  2082 | D:6      | Reached * piety under Okawaru
  2083 | D:6      | Reached skill level 5 in Dodging
  2108 | D:6      | Reached skill level 5 in Armour
  2340 | D:4      | Bought a pearl ring for 125 gold pieces
  2340 | D:4      | Bought a glowing glass wand for 100 gold pieces
  2509 | D:7      | Found Sykhoat's Weapon Emporium.
  2517 | D:7      | Noticed Pikel
  2528 | D:7      | Slain by Pikel

Illustrated notes

Levels and vault maps discovered:
D:1:      minmay_arrival_hallway, layout_loops_corners,
          shapermc_ecumenical_altar_acropolis, minmay_tetromino_o4
D:2:      layout_basic, kennysheep_generic_room_3
D:3:      layout_basic, bloody_makhleb, kennysheep_generic_room_2, uniq_grinder
D:4:      kb_forest_paths, layout_gridville, serial_shops,
          kennysheep_little_box, minmay_door_square, minmay_misc_feat_iff
D:5:      layout_basic, nicolae_uskayaw_murder_on_the_dancefloor,
          mainiacjoe_overflow_paths, amcnicky_altar_gilded,
          grunt_gozag_breadcrumbs, minmay_temple_entry_nine_rooms
D:6:      layout_cave_pools, mainiacjoe_overflow_catwalk_spiral, serial_glass,
          glass_columns_b, glass_columns_c, kennysheep_generic_room_10
D:7:      layout_rooms, serial_shops, kennysheep_mini, uniq_pikel
Temple:   hellmonk_temple_two_chambers

Skill      XL: |  1  2  3  4  5  6  7  8  9 |
---------------+----------------------------+-----
Dodging        | 1 3 4 5 |  5.3
Long Blades    | 4 6 7 |  7.8
Armour         | 4 5 |  5.2
Stealth        | 2 3 |  3.9
Shields        | 4 |  4.0
Fighting       | 4 5 |  5.9
Throwing       | 2 3 4 |  4.0
Evocations     | 2 4 |  4.0

Action                     |  1- 3 |  4- 6 |  7- 9 || total
---------------------------+-------+-------+-------++-------
  Melee: Long sword        |    41 |    50 |    54 ||   145
   Fire: Sling             |       |       |   160 ||   160
  Throw: Dart              |     9 |       |     1 ||    10
    Use: Potion            |     1 |       |     1 ||     2
         Scroll            |       |     6 |     9 ||    15
   Stab: Invisible         |     3 |       |       ||     3
 Armour: Scale mail        |    18 |    23 |    55 ||    96
  Dodge: Dodged            |    14 |    10 |    84 ||   108
  Block: Buckler           |     5 |    14 |    83 ||   102
         Reflection        |       |       |     5 ||     5

Table legend: (Time is in decaauts)
 A = Elapsed time spent in this place.
 B = Non-inter-level travel time spent in this place.
 C = Inter-level travel time spent in this place.
 D = Time resting spent in this place.
 E = Time spent auto-exploring this place.
 F = Levels seen in this place.
 G = Mean time per level.
                   A        B        C        D        E       F      G
               +--------+--------+--------+--------+--------+-----+--------+
         Total |   2675 |   2086 |    589 |      0 |      0 |   8 |  334.4 |
       Dungeon |   2641 |   2061 |    580 |      0 |      0 |   7 |  377.3 |
        Temple |     33 |     24 |      9 |      0 |      0 |   1 |   33.0 |
               +--------+--------+--------+--------+--------+-----+--------+

Top non-repeatable levels by time:
     D:4: 866 daAuts
     D:5: 724 daAuts
     D:6: 348 daAuts
     D:3: 331 daAuts
     D:7: 212 daAuts
     D:2: 85 daAuts
     D:1: 72 daAuts
  Temple: 33 daAuts
